 Dungeon Crawl Stone Soup version 0.32-a0-933-ga8fa3634e4 (webtiles) character file.

Game seed: 17586411326804631086

58 kurowlyz the Trooper (level 3, -2/29 HPs)
             Began as a Demonspawn Berserker on Apr 14, 2024.
             Was a Follower of Trog.
             Slain by a jelly (3 damage)
             ... on level 5 of the Dungeon.
             The game lasted 00:17:09 (916 turns).

kurowlyz the Trooper (Demonspawn Berserker)          Turns: 916, Time: 00:17:09

Health: -2/29      AC: -5    Str: 19    XL:     3   Next: 76%
Magic:  3/3        EV: 11    Int:  7    God:    Trog [*.....]
Gold:   20         SH:  0    Dex: 12    Spells: 2/2 levels left

rFire   . . .        r - +0 war axe
rCold   . . .        (no shield)
rNeg    . . .        b - +0 animal skin
rPois   .            (helmet restricted)
rElec   .            (no cloak)
rCorr   .            (no gloves)
SInv    .            (no boots)
Will    .....        (no amulet)
Stlth   +            (no ring)
HPRegen 0.24/turn    (no ring)
MPRegen 0.08/turn

%: no passive effects
@: corroded
A: horns 1
a: Renounce Religion, Berserk


You were on level 5 of the Dungeon.
You worshipped Trog.
Trog was aware of your devotion.
You visited 1 branch of the dungeon, and saw 4 of its levels.

You collected 20 gold pieces.

Inventory:

Hand Weapons
 a - a +0 hand axe
 c - a +0 dagger
 d - a +0 dagger
 i - a +0 dagger
 j - a +0 club
 k - a +0 club
 l - a +0 sling
 m - a +0 whip
 n - a +0 long sword
 p - a +0 mace
 r - a +0 war axe (weapon)
Missiles
 h - 10 stones (quivered)
Armour
 b - a +0 animal skin (worn)
 e - a +0 chain mail
 f - a +0 helmet
 g - a +0 pair of gloves
Potions
 o - a potion of haste {unknown}
 q - a potion of berserk rage


   Skills:
 + Level 3.5 Fighting
 + Level 1.3 Long Blades
 + Level 3.1 Axes
 + Level 2.2 Armour
 + Level 1.9 Dodging


You had 2 spell levels left.
You didn't know any spells.
Your spell library contained the following spells:

 Spells                   Type           Power      Damage    Failure   Level
 Ensorcelled Hibernation  Hex/Ice        0%         N/A       56%         2
 Passwall                 Erth           0%         N/A       80%         3
 Swiftness                Air            0%         N/A       80%         3


Dungeon Overview and Level Annotations

Branches:
Dungeon (5/15)
 Temple: D:4-7

Altars:

Shops:
D:3 *


Innate Abilities, Weirdness & Mutations

You have a pair of small horns on your head.


Message History

Found 2 fizzy coppery potions.
Found a stone staircase leading up.
Unknown command.
Found a war axe.
q - 2 fizzy coppery potions It was a potion of berserk rage.
A red film seems to cover your vision as you go berserk!
You feel yourself moving faster!
You feel mighty!
You feel a strong urge to attack something.
You feel your anger nearly subside.
You are no longer berserk.
You are exhausted.
You feel yourself slow down.
You see here a +0 war axe.
r - a +0 war axe
There are no items here.
r - a +0 war axe (weapon)
A jelly comes into view.
Found a long lead wand.
The jelly quivers.
You feel yourself speed up.
You slash the jelly!
Your hands burn!
You headbutt the jelly.
The jelly is severely wounded.
The jelly misses you.
You slash the jelly!
You kill the jelly!
Trog accepts your kill.
A jelly comes into view.
The jelly quivers.
You recover from your berserk rage.
Found an emerald potion.
You see here a wand of flame (15).
You hit the jelly.
Your hands burn!
Your headbutt misses the jelly.
The jelly is moderately wounded.
The jelly hits you. The acid corrodes you!
You are splashed with acid!
The jelly hits you. The acid corrodes you!
You are splashed with acid!
* * * LOW HITPOINT WARNING * * *
You slash the jelly!
Your hands burn!
* * * LOW HITPOINT WARNING * * *
The jelly is almost dead.
The jelly hits you.
You die...

#.. ..##..
..#...### ........#
...........##
............# .
............### ...
#........../..#....
...........@J......
...................
#.................
#...#^............
..<.##...........!
..................
####.......#...#..
#.......###.##.
#........##.#


You could see a jelly.

Vanquished Creatures
  A jelly (D:5)
  An adder (D:3)
  A ribbon worm (D:3)
  2 bats
  An endoplasm (D:3)
  2 giant cockroaches
  3 goblins
  2 hobgoblins
  A quokka (D:3)
  A frilled lizard (D:1)
  2 kobolds
17 creatures vanquished.

Notes
Turn   | Place    | Note
-------+----------+-------------------------------------------
     0 | D:1      | kurowlyz the Demonspawn Berserker began the quest for the
                  | Orb.
     0 | D:1      | Reached XP level 1. HP: 18/18 MP: 1/1
   513 | D:2      | Gained mutation: You have a pair of small horns on your
                  | head. [demonic ancestry]
   513 | D:2      | Reached XP level 2. HP: 24/24 MP: 2/2
   711 | D:3      | Reached skill level 1 in Long Blades
   741 | D:3      | Reached XP level 3. HP: 4/29 MP: 3/3
   861 | D:3      | Found Haimer's General Store.
   862 | D:3      | You fall into a shaft and drop 2 floors!
   862 | D:5      | Entered Level 5 of the Dungeon
   916 | D:5      | HP: 1/29 [acid (1)]
   916 | D:5      | Slain by a jelly

Illustrated notes

Levels and vault maps discovered:
D:1:      minmay_arrival_diagonal_passages, layout_basic
D:2:      layout_loops_ring, basic_altar
D:3:      layout_basic, serial_shops, nicolae_shop_real_fake_doors, shop,
          nicolae_shop_window_shopping, nicolae_shop_stone
D:5:      layout_cave_pools, minmay_temple_entry_proselytizer

Skill      XL: |  1  2 |
---------------+-------+-----
Armour         | 2 |  2.2
Long Blades    | 1 |  1.3
Axes           | 3 |  3.1
Fighting       | |  3.5
Dodging        | |  1.9

Action                     || total
---------------------------++-------
  Melee: Hand axe          ||    13
         Long sword        ||    35
         Headbutt          ||    10
         War axe           ||     4
 Invoke: Berserk           ||     1
    Use: Scroll            ||     4
         Potion            ||     1
 Armour: Animal skin       ||    39
  Dodge: Dodged            ||    34

Table legend: (Time is in decaauts)
 A = Elapsed time spent in this place.
 B = Non-inter-level travel time spent in this place.
 C = Inter-level travel time spent in this place.
 D = Time resting spent in this place.
 E = Time spent auto-exploring this place.
 F = Levels seen in this place.
 G = Mean time per level.
                   A        B        C        D        E       F      G
               +--------+--------+--------+--------+--------+-----+--------+
         Total |    955 |    934 |     21 |    100 |     18 |   4 |  238.8 |
       Dungeon |    955 |    934 |     21 |    100 |     18 |   4 |  238.8 |
               +--------+--------+--------+--------+--------+-----+--------+

Top non-repeatable levels by time:
     D:1: 507 daAuts
     D:3: 254 daAuts
     D:2: 127 daAuts
     D:5: 66 daAuts
